 Dungeon Crawl Stone Soup version 0.28.0-47-ge53b351184 (webtiles) character file.

Game seed: 6767898382942739064

67 101zpm the Magician (level 4, -2/40 HPs)
             Began as a Troll Hedge Wizard on Apr 28, 2022.
             Slain by an ogre
             ... wielding a +0 giant spiked club
              (17 damage)
             ... on level 2 of the Dungeon.
             The game lasted 00:02:03 (1872 turns).

101zpm the Magician (Troll Hedge Wizard)            Turns: 1872, Time: 00:02:04

Health: -2/40      AC:  4    Str: 18    XL:     4   Next: 0%
Magic:  6/6        EV: 10    Int: 12    God:
Gold:   119        SH:  0    Dex:  9    Spells: 6/7 levels left

rFire   . . .      SeeInvis .   a - +0 dagger
rCold   . . .      Faith    .   (no shield)
rNeg    . . .      Spirit   .   b - +0 robe
rPois   .          Reflect  .   c - +0 hat
rElec   .          Harm     .   (no cloak)
rCorr   .          Rampage  .   (gloves unavailable)
Will    .....                   (boots unavailable)
Stlth   +.........              (no amulet)
HPRegen 0.93/turn               (no ring)
MPRegen 0.10/turn               (no ring)

@: no status effects
A: large, unfitting armour, claws 3, regeneration 1, shaggy fur 1, tough skin 1
a: no special abilities


You were on level 2 of the Dungeon.
You visited 1 branch of the dungeon, and saw 3 of its levels.

You collected 119 gold pieces.

Inventory:

Hand Weapons
 a - a +0 dagger (weapon)
Armour
 b - a +0 robe (worn)
 c - a +0 hat (worn)
Scrolls
 e - a scroll of blinking {unknown}
 f - 3 scrolls of amnesia {unknown}
 g - a scroll of holy word {unknown}
 i - 2 scrolls of teleportation {unknown}
Potions
 d - a potion of curing {unknown}
 h - 2 potions of mutation {unknown}


   Skills:
 + Level 0.7 Fighting
 + Level 1.5 Short Blades
 + Level 2.0 Dodging
 + Level 1.2 Stealth
 + Level 2.3 Spellcasting
 + Level 0.6 Conjurations
 + Level 0.6 Summonings
 + Level 0.6 Translocations


You had 6 spell levels left.
You knew the following spells:

 Your Spells              Type           Power      Damage    Failure   Level
a - Magic Dart            Conj           8%         1d3       21%         1

Your spell library contained the following spells:

 Spells                   Type           Power      Damage    Failure   Level
 Slow                     Hex            4%         N/A       26%         1
 Blink                    Tloc           4%         N/A       30%         2
 Call Imp                 Summ           2%         N/A       30%         2
 Conjure Flame            Conj/Fire      2%         6-21      56%         3
 Mephitic Cloud           Conj/Pois/Air  1%         N/A       58%         3


Dungeon Overview and Level Annotations

Branches:
Dungeon (3/15)

Altars:


Innate Abilities, Weirdness & Mutations

You are too large for most types of armour.
You have claws for hands.
Your natural rate of healing is unusually fast.
You are covered in fur. (AC +1)
You have tough skin. (AC +1)


Message History

You kill the ball python!
You have reached level 4!
i - 2 scrolls labelled RIPNAP XUOHOKOU (gained 1)
You see here a ball python corpse.
You now have 119 gold pieces (gained 11).
You see here a ball python corpse.
f - 3 scrolls labelled LIONYE TUCO (gained 2)
There is an open door here.
You open the door.
There is an open door here.
The golden eye turns its gaze towards you.
The eye of devastation turns its gaze towards you.
Done exploring.
Done exploring.
Done exploring.
Done exploring.
No reachable target in view!
(D) Dungeon
Where to? (Enter - D:1, ? - help)
What level of the Dungeon? (default 1, ? - help)
The eye of devastation turns its gaze towards you.
There is a stone staircase leading down here.
You climb downwards.
There is a stone staircase leading up here.
Done exploring.
Done exploring.
(D) Dungeon
Where to? (Enter - D:2, ? - help)
What level of the Dungeon? (default 1, ? - help)
There is a stone staircase leading down here.
You climb downwards.
The ogre hits you with a +0 giant spiked club!!
Ouch! That really hurt!
* * * LOW HITPOINT WARNING * * *
There is a stone staircase leading up, spattered with blood here.
The ogre barely misses you.
You climb upwards.
There is a stone staircase leading down here.
The ogre hits you with a +0 giant spiked club!
You die...

#.........# #.#
#.........##########
#.........#..#≈≈≈≈########
#.........#.##≈...'.##....
#...........)#≈§§≈#..'....
#........<#..#§§§§####....
#.........#..############'
#.........#.........).....
##[##....@#..############.
#.##....>O...............
#.##...(.#..############.
#........................
######.##.......#####....
#.##.......# #....
#.##.......# #....
#.##.......# ####'
#.##.......########.


You could see an ogre.

Vanquished Creatures
  An adder (D:2)
  3 dart slugs (D:2)
  6 ball pythons
  2 bats
  4 endoplasms
  2 giant cockroaches (D:2)
  5 goblins
  4 hobgoblins
  4 jackals (D:2)
  4 kobolds (D:1)
  3 quokkas
  4 frilled lizards (D:2)
  5 rats
47 creatures vanquished.

Notes
Turn   | Place    | Note
-------+----------+-------------------------------------------
     0 | D:1      | 101zpm the Troll Hedge Wizard began the quest for the Orb.
     0 | D:1      | Reached XP level 1. HP: 16/16 MP: 2/2
    19 | D:1      | Found a faded altar of an unknown god.
    20 | D:1      | Noticed an eye of devastation
    25 | D:1      | Noticed a golden eye
    49 | D:1      | Noticed a golden eye
    54 | D:1      | Noticed an eye of devastation
   198 | D:1      | Reached XP level 2. HP: 16/24 MP: 4/4
   697 | D:2      | Reached skill level 1 in Short Blades
   697 | D:2      | Reached XP level 3. HP: 32/32 MP: 5/5
   846 | D:3      | Noticed an ogre
  1729 | D:1      | Reached XP level 4. HP: 40/40 MP: 6/6
  1872 | D:2      | Slain by an ogre

Illustrated notes

Levels and vault maps discovered:
D:1:      amcnicky_arrival_underground_garden, layout_loops_corners,
          hellmonk_ecumenical_altar_watching_god
D:2:      layout_basic, kennysheep_generic_room_14
D:3:      minmay_razor_zed, layout_basic,
          nicolae_hepliaklqana_monster_ancestors,
          mainiacjoe_overflow_catch_the_wave, lemuel_zombie_altar_yredelemnul,
          ebering_ghost_reflecting_pool, minmay_surrounded

Skill      XL: |  1  2  3 |
---------------+----------+-----
Short Blades   | 1 |  1.5
Dodging        | 2 |  2.0
Fighting       | |  0.7
Stealth        | |  1.2
Spellcasting   | |  2.3
Conjurations   | |  0.6
Summonings     | |  0.6
Translocations | |  0.6

Action                   |  1- 3 |  4- 6 || total
-------------------------+-------+-------++-------
Melee: Dagger            |   302 |       ||   302
       Punch             |     1 |       ||     1
 Stab: Sleeping          |     4 |       ||     4
Armor: Robe              |   113 |       ||   113
Dodge: Dodged            |   161 |     1 ||   162
